 Dungeon Crawl Stone Soup version 0.24-a0-504-gcfb02b9d07 (webtiles) character file.

Game seed: 8302292664156355249

107 Lavandula the Scratcher (level 4, -3/19 HPs)
             Began as a Felid Warper on July 16, 2019.
             Slain by an orc wizard
             ... wielding a +0 dagger
              (5 damage)
             ... on level 5 of the Dungeon.
             The game lasted 00:10:43 (3014 turns).

Lavandula the Scratcher (Felid Warper)              Turns: 3014, Time: 00:10:43

Health: -3/19      AC:  1    Str:  8    XL:     4   Next: 56%
Magic:  6/8        EV: 19    Int: 14    God:
Gold:   118        SH:  0    Dex: 15    Spells: 2/7 levels left
                                        Lives:  0   Deaths: 1

rFire    . . .     SeeInvis +     - Unarmed
rCold    . . .     Gourm    .   (shield unavailable)
rNeg     . . .     Faith    .   (armour unavailable)
rPois    .         Spirit   .   (helmet unavailable)
rElec    .         Reflect  .   (cloak unavailable)
rCorr    .         Harm     .   (gloves unavailable)
MR       .....                  (boots unavailable)
Stlth    ++........             (no amulet)
HPRegen  0.06/turn              (no ring)
MPRegen  0.11/turn              (no ring)

@: quick
A: very small, no armour, no weapons or thrown items, stealth, claws 1, fangs 3,
see invisible, carnivore, speed 1, shaggy fur 1, slow metabolism 1, sharp paws
a: no special abilities


You were on level 5 of the Dungeon.
You were very full.

You visited 2 branches of the dungeon, and saw 7 of its levels.

You collected 118 gold pieces.

Inventory:

Wands
 e - a wand of enslavement (6)
 h - a wand of clouds (7)
Scrolls
 a - 2 scrolls of teleportation {unknown}
 b - 2 scrolls of blinking
 d - a scroll of identify {unknown}
 f - a scroll of amnesia {unknown}
 g - a scroll of fog {unknown}
Comestibles
 c - 7 rations


   Skills:
 - Level 2.0 Fighting
 - Level 4.2 Dodging
 + Level 4.9 Unarmed Combat
 - Level 2.0 Spellcasting
 - Level 4.4 Translocations


You had 2 spell levels left.
You knew the following spells:

 Your Spells              Type           Power        Failure   Level  Hunger
a - Blink                 Tloc           N/A          6%          2    ###....
b - Shroud of Golubria    Chrm/Tloc      #.....       14%         2    ###....
c - Animate Skeleton      Necr           N/A          24%         1    ##.....

Your spell library contained the following spells:

 Spells                   Type           Power        Failure   Level  Hunger
 Pain                     Necr           #...         24%         1    ##.....
 Shock                    Conj/Air       #...         24%         1    ##.....
 Swiftness                Chrm/Air       #.......     34%         2    ###....
 Gell's Gravitas          Tloc           ##........   12%         3    ####...
 Lesser Beckoning         Tloc           ##........   12%         3    ####...
 Teleport Other           Tloc           ##......     12%         3    ####...
 Passage of Golubria      Tloc           N/A          36%         4    #####..
 Regeneration             Chrm/Necr      #.........   56%         3    ####...
 Static Discharge         Conj/Air       #.......     56%         3    ####...
 Vampiric Draining        Necr           #.........   56%         3    ####...
 Airstrike                Air            #.........   93%         4    #####..
 Animate Dead             Necr           N/A          93%         4    #####..
 Lightning Bolt           Conj/Air       #.........   100%        5    ######.


Dungeon Overview and Level Annotations

Branches:
Dungeon (6/15)             Temple (1/1) D:5

Altars:
Fedhas
Gozag
Makhleb
Okawaru
Qazlal
Sif Muna
Uskayaw
Wu Jian
Xom
Yredelemnul

Annotations:
D:3 exclusion: door
D:5 exclusion: ogre


Innate Abilities, Weirdness & Mutations

You cannot wear armour.
You are incapable of wielding weapons or throwing items.
Your paws allow you to move quietly. (Stealth)
You have sharp claws.
You have razor-sharp teeth.
You have supernaturally acute eyesight. (SInv)
You are carnivorous and can eat meat at any time.
You cover ground quickly.
You are covered in fur. (AC +1)
You have a slow metabolism.
Your sharp claws are effective at attacking unaware monsters.


Message History

Aiming: Cloud Cone
Press: ? - help, Dir - move target cursor, f - orc wizard
Aim: an orc wizard, wielding a +0 dagger and wearing a +0 robe (heavily wounded)
You create a blast of poison gas!
The orc wizard is engulfed in poison gas.
The orc wizard is poisoned.
The orc wizard misses you.
The orc is engulfed in poison gas.
The orc is poisoned.
Unknown command.
You miss the orc wizard. You bite the orc wizard.
The orc wizard is severely wounded.
The orc wizard looks even sicker.
The orc wizard misses you.
The crimson imp blinks!
The orc is engulfed in poison gas.
The orc looks even sicker.
You kill the orc!
Unknown command.
You barely miss the crimson imp.
The orc wizard is engulfed in poison gas.
The orc wizard looks even sicker.
The orc wizard hits you with a +0 dagger.
You die...

#..# #..
#.# #)#
####
#§###....#
#§§§.....#
##§#####.
#o# #@#
#5# #.#
#.# #.#
#.# #.#
#.# #.#


You could see an orc wizard and a crimson imp.

Vanquished Creatures
  A bullfrog zombie (D:5)
  A worker ant (D:5)
  4 adders
  2 worms (D:2)
  2 dart slugs (D:2)
  8 orcs
  4 bats
  3 giant cockroaches
  5 goblins (D:2)
  A hobgoblin (D:2)
  A ball python (D:2)
  2 frilled lizards (D:2)
  6 kobolds
  4 rats
44 creatures vanquished.

Notes
Turn   | Place    | Note
-------+----------+-------------------------------------------
     0 | D:1      | Lavandula the Felid Warper began the quest for the Orb.
     0 | D:1      | Reached XP level 1. HP: 9/9 MP: 4/4
   261 | D:2      | Reached XP level 2. HP: 12/13 MP: 6/6
   987 | D:3      | Learned a level 2 spell: Blink
   990 | D:3      | Learned a level 2 spell: Shroud of Golubria
  1324 | D:2      | Reached XP level 3. HP: 16/16 MP: 7/7
  1364 | D:2      | Found an opulent altar of Gozag.
  1639 | D:3      | Reached XP level 4. HP: 15/19 MP: 3/8
  1828 | D:3      | Noticed a centaur
  1937 | D:3      | You fall into a shaft and drop 3 floors!
  1938 | D:6      | Noticed a centaur
  1952 | D:6      | Slain by a centaur
  1953 | D:6      | Reached XP level 3. HP: -4/16 MP: 7/7
  2415 | D:6      | Learned a level 1 spell: Animate Skeleton
  2420 | D:5      | Entered Level 5 of the Dungeon
  2440 | D:5      | Reached XP level 4. HP: 12/19 MP: 4/8
  2729 | D:5      | Found a staircase to the Ecumenical Temple.
  2743 | Temple   | Entered the Ecumenical Temple
  2874 | D:5      | Noticed an ogre
  3014 | D:5      | Slain by an orc wizard

Levels and vault maps discovered:
D:1:      lemuel_arrival_behind_the_door_small, layout_loops_ring
D:2:      layout_basic, lemuel_coloured_pillars_altar, hex_intersection
D:3:      layout_loops_ring, kennysheep_pointless_box
D:4:      layout_basic, chequers_avenue, minmay_misc_feat_hallway,
          hangedman_glass_teeth, minivault_23, minmay_fractal_squares_gapless_5
D:5:      cheibrodos_two_vegetables, layout_loops_ring,
          minmay_temple_entry_sparse_star, first_ration, evilmike_ruin_ashenzari
D:6:      layout_loops_cross, gammafunk_temple_overflow_claw
Temple:   nicolae_temple_figure_zero

Skill      XL: |  1  2  3 |
---------------+----------+-----
Unarmed Combat | 3 4 |  4.9
Dodging        | 4 |  4.2
Fighting       | |  2.0
Spellcasting   | |  2.0
Translocations | |  4.4

Action                   |  1- 3 |  4- 6 || total
-------------------------+-------+-------++-------
Melee: Unarmed           |   136 |    41 ||   177
       Bite              |    17 |     3 ||    20
       Punch             |       |     1 ||     1
 Cast: Shroud of Golubri |    16 |     6 ||    22
Evoke: Wand              |       |     1 ||     1
  Use: Potion            |       |     2 ||     2
 Stab: Sleeping          |     7 |     5 ||    12
       Distracted        |     1 |       ||     1
  Eat: Chunk             |    15 |     3 ||    18
Armor: Skin              |     5 |       ||     5
Dodge: Dodged            |    88 |    33 ||   121

Table legend:
 A = Non-vault XP
 B = Vault XP
 C = Vault XP percentage of total XP
 D = Non-vault monster count
 E = Vault monster count
 F = Vault count percentage of total count
                 A         B        C        D         E       F
            +---------+---------+-------+---------+---------+-------
      Total |     211 |       0 |   0.0 |      44 |       0 |   0.0
            +---------+---------+-------+---------+---------+-------
        D:1 |       2 |       0 |   0.0 |       2 |       0 |   0.0
        D:2 |      77 |       0 |   0.0 |      27 |       0 |   0.0
        D:3 |      22 |       0 |   0.0 |       5 |       0 |   0.0
        D:4 |       3 |       0 |   0.0 |       1 |       0 |   0.0
        D:5 |      88 |       0 |   0.0 |       6 |       0 |   0.0
        D:6 |      19 |       0 |   0.0 |       3 |       0 |   0.0
            +---------+---------+-------+---------+---------+-------
